 Dungeon Crawl Stone Soup version 0.17-a0-1840-g87820a2 (webtiles) character file.

6470 shakdrar the Destroyer (level 10, -1/50 HPs)
             Began as a Deep Elf Conjurer on Sept 16, 2015.
             Was a Believer of Vehumet.
             Shot with an arrow by a centaur (12 damage)
             ... on level 8 of the Dungeon.
             The game lasted 01:09:10 (13381 turns).

shakdrar the Destroyer (Deep Elf Conjurer)         Turns: 13381, Time: 01:09:10

Health: -1/50      AC:  7    Str:  8    XL:     10   Next: 68%
Magic:  5/26       EV: 13    Int: 21    God:    Vehumet [**....]
Gold:   470        SH:  6    Dex: 15    Spells: 5 memorised, 14 levels left

rFire  + . .     SeeInvis .     D - +1 dagger (venom)
rCold  . . .     Clarity  .     v - +2 robe {MR+}
rNeg   . . .     SustAt   .     a - +0 buckler
rPois  .         Gourm    .     m - +1 helmet
rElec  .         Spirit   .     o - +0 cloak
rCorr  .         Warding  .     (no gloves)
rMut   .         Stasis   .     (no boots)
MR     +++..                    (no amulet)
Stlth  ++........               k - ring of protection from fire
                                d - ring of protection from magic

@: extremely resistant to hostile enchantments, unstealthy
A: no striking features
a: Renounce Religion


You were on level 8 of the Dungeon.
You worshipped Vehumet.
Vehumet was pleased with you.
You were very hungry.

You visited 2 branches of the dungeon, and saw 11 of its levels.
You also visited: Ossuary.

You collected 470 gold pieces.

Inventory:

Hand weapons
 l - a +2 dagger
 p - a +3 trident of venom
 r - a +0 rapier
 t - a +0 spear of venom
 w - a +1 dagger of holy wrath
 D - a +1 dagger of venom (weapon)
Armour
 a - a +0 buckler (worn)
 m - a +1 helmet (worn)
 o - a +0 cloak (worn)
 v - a +2 robe of magic resistance (worn)
Jewellery
 d - a ring of protection from magic (left hand)
 e - a +4 ring of evasion
 k - a ring of protection from fire (right hand)
 y - an uncursed ring of teleportation
Magical devices
 q - a wand of polymorph (9)
 s - a wand of disintegration (6)
 A - a wand of slowing (23)
Scrolls
 f - 6 scrolls of identify
 j - 2 scrolls of remove curse
 B - a scroll of fog {unknown}
 C - a scroll of recharging
Potions
 i - a potion of might
 n - a potion of brilliance
 z - a potion of cancellation
 F - 2 potions of curing
Books
 b - a book of Conjurations

   Spells                             Type                      Level
   a - Magic Dart                     Conjuration                  1
   b - Searing Ray                    Conjuration                  2
   c - Dazzling Spray                 Conjuration/Hexes            3
   d - Fulminant Prism                Conjuration/Hexes            4
   e - Iskenderun's Mystic Blast      Conjuration                  4
   f - Iskenderun's Battlesphere      Conjuration/Charms           5
Comestibles
 c - 8 bread rations
 g - a beef jerky
 h - 7 meat rations
 u - 3 fruits
 x - a royal jelly


   Skills:
 - Level 2.4 Dodging
 - Level 2.4 Stealth
 + Level 6.0 Shields
 - Level 10.0 Spellcasting
 - Level 13.3 Conjurations
 - Level 5.0 Charms


You had 14 spell levels left.
You knew the following spells:

 Your Spells              Type           Power        Failure   Level  Hunger
a - Magic Dart            Conj           ####         1%          1    None
b - Searing Ray           Conj           ######       1%          2    None
c - Dazzling Spray        Conj/Hex       #####...     1%          3    None
d - Iskenderun's Mystic   Conj           ######..     1%          4    ##.....
e - Iskenderun's Battles  Conj/Chrm      #####...     4%          5    ####...


Dungeon Overview and Level Annotations

Branches:
Dungeon (10/15)            Temple (1/1) D:7
   Lair: D:8-11         Orc: D:9-12

Altars:
Ashenzari
Cheibriados
Dithmenos
Elyvilon
Fedhas
Gozag
Kikubaaqudgha
Makhleb
Nemelex Xobeh
Okawaru
Qazlal
Ru
Sif Muna
Trog
Vehumet
Xom
Yredelemnul
Zin
The Shining One

Annotations:
D:3 Sigmund


Message History

You feel better. The orc warrior hits you with a flail!
Casting: Iskenderun's Mystic Blast
Confirm with . or Enter, or press ? or * to list all spells.
Aiming: Iskenderun's Mystic Blast
Press: ? - help, Shift-Dir - straight line, f - orc warrior
Aim: an orc warrior, wielding a flail and wearing a chain mail (lightly wounded)
The orb of energy misses the orc warrior.
The centaur shouts!
The centaur wields a shortbow.
The centaur shoots an arrow.
The arrow hits you!
* * * LOW HITPOINT WARNING * * *
You block the orc warrior's attack.
You see here an arrow.
The centaur shoots an arrow.
You block the arrow. The orc warrior closely misses you.
The centaur shoots an arrow.
The arrow misses you.
You see here an arrow.
You see here an arrow.
There is a stone staircase leading down here.
The centaur shoots an arrow.
The arrow hits you!
You die...

##........#.......#
##..
#.................#
##...
#...>.............#
#....
#........).#.....##
#....
#..........#.....##
#....
#...........!.....#
#....
##........#.......#
#....
#.................#
#....
#.........@#....).#
#....
#..........##...#.#
#....
#.........o######(#
#.... #..........#
#)## #....
##.......c##
#..#####...
##.....>##
##...###...
######.# ###...#.##
#(## ###.#.## #(.#
#...#.


You could see an orc warrior and a centaur.

Vanquished Creatures
  A merfolk (D:9)
  Prince Ribbit (D:9)
  4 yaks
  A steam dragon (D:7)
  A hippogriff (D:8)
  A phantom (D:8)
  2 sky beasts
  A necrophage (D:7)
  5 orc warriors
  2 black bears
  3 ogres
  3 ice beasts
  4 centaurs
  A brain worm (D:9)
  Blork the orc (D:4)
  A big kobold (D:8)
  6 giant frogs
  A gnoll sergeant (D:8)
  3 scorpions
  4 killer bees (D:7)
  8 wights
  2 jellies
  4 crimson imps
  11 hounds
  8 orc wizards
  2 giant frog skeletons
  A giant frog zombie (D:8)
  5 iguanas
  10 orc priests
  2 quasits
  Jessica (D:3)
  A centaur skeleton (D:9)
  8 worker ants
  A killer bee zombie (D:6)
  2 hound skeletons (D:4)
  Robin (D:3)
  11 gnolls
  7 adders
  A shadow imp (D:9)
  2 oozes (D:1)
  5 worms
  2 adder skeletons
  2 adder zombies
  6 giant geckos
  32 orcs
  A ball python (D:4)
  7 giant cockroaches
  13 hobgoblins
  A jackal (D:6)
  A ball python skeleton (D:4)
  5 bats
  2 giant newts
  5 goblins
  2 jackal zombies
  14 kobolds
  A kobold zombie (Ossuary)
  An orc zombie (Ossuary)
  6 quokkas
  6 rats
246 creatures vanquished.

Notes
Turn   | Place    | Note
--------------------------------------------------------------
     0 | D:1      | shakdrar the Deep Elf Conjurer began the quest for the Orb.
     0 | D:1      | Reached XP level 1. HP: 10/10 MP: 6/6
   181 | D:1      | Reached XP level 2. HP: 15/15 MP: 5/8
   285 | D:1      | Learned a level 2 spell: Searing Ray
   387 | D:1      | Reached skill level 5 in Conjurations
   494 | D:1      | Reached XP level 3. HP: 19/19 MP: 7/10
   898 | D:1      | Learned a level 3 spell: Dazzling Spray
  1639 | D:2      | Reached XP level 4. HP: 24/24 MP: 3/12
  1823 | D:3      | Learned a level 4 spell: Iskenderun's Mystic Blast
  1865 | D:3      | Noticed Sigmund
  2089 | D:2      | Found an ancient bone altar of Kikubaaqudgha.
  2089 | D:2      | Noticed a human
  2399 | D:3      | Found a faded altar to an unknown god.
  2404 | D:3      | Reached skill level 6 in Conjurations
  2463 | D:3      | Noticed Robin
  2469 | D:3      | Killed Robin
  2668 | D:3      | Reached XP level 5. HP: 28/28 MP: 6/13
  2842 | D:3      | Noticed Jessica
  2846 | D:3      | Killed Jessica
  2846 | D:3      | Reached skill level 5 in Spellcasting
  3172 | D:4      | Found a sacrificial altar of Ru.
  3395 | D:4      | Reached skill level 7 in Conjurations
  3395 | D:4      | Reached XP level 6. HP: 32/32 MP: 10/15
  3554 | D:4      | Learned a level 5 spell: Iskenderun's Battlesphere
  3615 | D:4      | Found a deep blue altar of Sif Muna.
  3621 | D:4      | Found a shimmering altar of Xom.
  3655 | D:4      | Noticed Blork the orc
  3671 | D:4      | Killed Blork the orc
  3908 | D:4      | Found a shattered altar of Ashenzari.
  4658 | D:4      | Reached skill level 8 in Conjurations
  4706 | D:4      | Reached skill level 1 in Charms
  4706 | D:4      | Reached XP level 7. HP: 36/36 MP: 12/18
  4928 | D:5      | Entered Level 5 of the Dungeon
  5729 | D:6      | Reached skill level 9 in Conjurations
  6151 | D:5      | Reached XP level 8. HP: 39/41 MP: 14/19
  6295 | D:6      | Reached skill level 5 in Charms
  6610 | D:6      | Reached skill level 10 in Conjurations
  7342 | D:7      | Reached skill level 11 in Conjurations
  7934 | D:7      | Reached skill level 12 in Conjurations
  7934 | D:7      | Reached XP level 9. HP: 45/45 MP: 8/20
  8824 | D:7      | Found a sparkling altar of Nemelex Xobeh.
  8873 | D:7      | Reached skill level 13 in Conjurations
  9473 | D:8      | Found a sand-covered staircase.
  9508 | Ossuary  | Entered an ossuary
 10067 | D:7      | HP: 2/45 [something/ball of steam (4)]
 10077 | D:7      | Reached XP level 10. HP: 3/50 MP: 0/25
 10429 | D:7      | Found a staircase to the Ecumenical Temple.
 10438 | Temple   | Entered the Ecumenical Temple
 10452 | Temple   | Became a worshipper of Vehumet
 10680 | D:8      | Reached skill level 10 in Spellcasting
 10961 | D:8      | Reached skill level 1 in Shields
 11629 | D:9      | Noticed Prince Ribbit
 11633 | D:9      | Killed Prince Ribbit
 11743 | D:9      | Acquired Vehumet's first power
 11743 | D:9      | Offered knowledge of Flame Tongue by Vehumet.
 12499 | D:9      | Reached skill level 5 in Shields
 12791 | D:9      | Found a shadowy altar of Dithmenos.
 12930 | D:9      | Found an iron altar of Okawaru.
 12932 | D:9      | Found a sacrificial altar of Ru.
 12935 | D:9      | Found an ancient bone altar of Kikubaaqudgha.
 13050 | D:9      | Offered knowledge of Throw Frost by Vehumet.
 13233 | D:10     | Entered Level 10 of the Dungeon
 13381 | D:8      | Shot with an arrow by a centaur

Vault maps used:
D:1:      tarquinn_simple_flora_water_d, st_stairs_11, supply_closet_lemuel
D:2:      first_bread, tgw_kikubaaqudgha, uniq_crazy_yiuf_cottage
D:3:      ecumenical_altar_1, uniq_jessica, uniq_sigmund, uniq_natasha,
          uniq_robin
D:4:      grunt_temple_overflow_open, nicolae_ashenzari_panopticon,
          nicolae_ru_path_of_blood, uniq_blork_the_orc
D:5:      uniq_menkaure, uniq_pikel
D:6:      hangedman_abyss_or_decor_slice
D:7:      minmay_temple_entry_butterflies, nemelex_lonely_heart_becter
D:8:      nicolae_ossuary_entry_plus
D:9:      grunt_dithmenos_shadows, grunt_temple_overflow_diamond,
          hangedman_fish_farm, uniq_prince_ribbit1
D:10:     lair_0_dummy, lightli_orcish_oven
Temple:   zaba_magenta_temple_12
Ossuary:  ossuary_minmay_tomb_2a

Action                   |  1- 3 |  4- 6 |  7- 9 | 10-12 || total
-------------------------+-------+-------+-------+-------++-------
Melee: Spear             |       |     8 |       |       ||     8
       Trident           |       |       |     5 |     4 ||     9
       Dagger            |       |       |     2 |     8 ||    10
 Cast: Magic Dart        |    77 |   132 |   162 |    47 ||   418
       Iskenderun's Myst |       |     9 |   106 |    99 ||   214
       Dazzling Spray    |       |     1 |     6 |       ||     7
       Searing Ray       |       |       |     1 |       ||     1
       Iskenderun's Batt |       |       |     2 |       ||     2
  Use: Scroll            |     5 |     4 |     4 |     4 ||    17
       Potion            |     2 |     3 |     1 |     1 ||     7
  Eat: Chunk             |     2 |     7 |     5 |     3 ||    17
       Pizza             |       |     1 |     1 |       ||     2
       Royal jelly       |       |     1 |       |       ||     1
       Fruit             |       |       |     4 |       ||     4
       Bread ration      |       |       |     4 |     1 ||     5
       Beef jerky        |       |       |     2 |       ||     2
       Meat ration       |       |       |       |     1 ||     1
